 Seeded DCSS version 0.30.1-9-gdf580d7c3d (webtiles) character file.

Game seed: 7229806256980976716 (custom seed)

61 Psyclone the Digger (level 4, 33/33 HPs)
             Began as a Meteoran Earth Elementalist on Oct 16, 2023.
             Quit the game on level 2 of the Dungeon.
             The game lasted 00:00:37 (1080 turns).

Psyclone the Digger (Meteoran Earth Elementalist)   Turns: 1080, Time: 00:00:37

Health: 33/33      AC:  4    Str:  9    XL:     4   Next: 51%
Magic:  10/10      EV: 12    Int: 18    God:
Gold:   3825       SH:  0    Dex: 15    Spells: 4/10 levels left

rFire   . . .        (no weapon)
rCold   . . .        (no shield)
rNeg    . . .        a - +0 robe
rPois   .            (no helmet)
rElec   .            (no cloak)
rCorr   .            (no gloves)
SInv    .            (no boots)
Will    .....        (no amulet)
Stlth   +            (no ring)
HPRegen 0.25/turn    (no ring)
MPRegen 0.12/turn

%: no passive effects
@: glowing
A: sense surroundings 1, otherworldly, glowing, explore regen, iridescent scales
1, evolution 2, MP-powered wands, noise suppression
a: no special abilities


You were on level 2 of the Dungeon.
You visited 1 branch of the dungeon, and saw 2 of its levels.

You collected 3825 gold pieces.

Inventory:

Missiles
 d - a throwing net {!f}
Armour
 a - a +0 robe (worn)
Scrolls
 c - 3 scrolls of amnesia {unknown}
 e - a scroll of identify {unknown}
 f - a scroll of blinking {unknown}
 h - a scroll of enchant armour {unknown}
Potions
 b - a potion of magic
 g - a potion of might {unknown}
 i - 2 potions of curing {unknown}
 j - a potion of invisibility {unknown}
 k - a potion of brilliance {unknown}


   Skills:
 - Level 2.4 Dodging
 - Level 1.4 Stealth
 * Level 3.9 Spellcasting
 + Level 2.2 Transmutations
 * Level 4.6 Earth Magic


You had 4 spell levels left.
You knew the following spells:

 Your Spells              Type           Power      Damage    Failure   Level
a - Sandblast             Erth           40%        2d10      2%          1
b - Passwall              Tmut/Erth      12%        N/A       5%          2
c - Stone Arrow           Conj/Erth      22%        3d8       17%         3

Your spell library contained the following spells:

 Spells                   Type           Power      Damage    Failure   Level
 Poisonous Vapours        Pois/Air       6%         N/A       22%         2
 Petrify                  Tmut/Erth      15%        N/A       34%         4
 Mephitic Cloud           Conj/Pois/Air  3%         N/A       41%         3
 Freezing Cloud           Conj/Ice/Air   1%         6-21      99%         5


Dungeon Overview and Level Annotations

Branches:
Dungeon (2/15) Zot: 106

Altars:


Innate Abilities, Weirdness & Mutations

You passively map a small area around you.
You are easily found by Zot.
You glow in the dark.
You regain HP and MP as you explore.
You are partially covered in iridescent scales. (AC +2)
You have great hidden genetic potential.
You expend magic power (3 MP) to strengthen your wands.
You passively dampen the noise of your surroundings.


Message History

Casting: Sandblast (safe; 2% risk of failure)
Confirm with . or Enter, or press ? or * to list all spells.
You can't see any susceptible monsters within range! (Use Z to cast anyway.) Unknown command.
Casting: Sandblast (safe; 2% risk of failure)
Confirm with . or Enter, or press ? or * to list all spells.
You can't see any susceptible monsters within range! (Use Z to cast anyway.) Unknown command.
Casting: Sandblast (safe; 2% risk of failure)
Confirm with . or Enter, or press ? or * to list all spells.
You can't see any susceptible monsters within range! (Use Z to cast anyway.) Unknown command.
Casting: Sandblast (safe; 2% risk of failure)
Confirm with . or Enter, or press ? or * to list all spells.
You can't see any susceptible monsters within range! (Use Z to cast anyway.) Unknown command.
Casting: Sandblast (safe; 2% risk of failure)
Confirm with . or Enter, or press ? or * to list all spells.
You can't see any susceptible monsters within range! (Use Z to cast anyway.) Unknown command.
Casting: Sandblast (safe; 2% risk of failure)
Confirm with . or Enter, or press ? or * to list all spells.
You can't see any susceptible monsters within range! (Use Z to cast anyway.) Unknown command.
Casting: Sandblast (safe; 2% risk of failure)
Confirm with . or Enter, or press ? or * to list all spells.
You can't see any susceptible monsters within range! (Use Z to cast anyway.) Unknown command.
Casting: Sandblast (safe; 2% risk of failure)
Confirm with . or Enter, or press ? or * to list all spells.
You can't see any susceptible monsters within range! (Use Z to cast anyway.) Unknown command.
Casting: Sandblast (safe; 2% risk of failure)
Confirm with . or Enter, or press ? or * to list all spells.
You can't see any susceptible monsters within range! (Use Z to cast anyway.) Unknown command.
You can't go up here!
Unknown command.
Unknown command.
Are you sure you want to abandon this character and quit the game? (Confirm with "yes".)

############ #.....# #..........#
#.....# * ###### #.<).......#
#.....#### #....#
#..........####........#
#.†..###......................# *
#....#.................##.....###
#....+..............†..##........
#....#.................##........
#....#..........@#.######........
.........>######.#.######....####
....#######....#.............#
....#.......##............>..####
....#.......#...........÷.......#
....#.........#....######........
....##...####.#..### #..........
######...# ###..# #..........
#...+, ....# ###.......##.


There were no monsters in sight!

Vanquished Creatures
  A jelly (D:2)
  An adder (D:2)
  3 ball pythons
  A bat (D:1)
  An endoplasm (D:2)
  A giant cockroach (D:1)
  A hobgoblin (D:1)
  6 jackals (D:2)
  2 quokkas
  A frilled lizard (D:1)
  3 rats
21 creatures vanquished.

Notes
Turn   | Place    | Note
-------+----------+-------------------------------------------
     0 | D:1      | Psyclone the Meteoran Earth Elementalist began the quest
                  | for the Orb.
     0 | D:1      | Reached XP level 1. HP: 14/14 MP: 5/5
    64 | D:1      | Identified 3 scrolls of acquirement
    64 | D:1      | Acquired 1248 gold pieces
    65 | D:1      | Acquired 1275 gold pieces
    88 | D:1      | Acquired 1252 gold pieces
   159 | D:1      | Reached XP level 2. HP: 20/20 MP: 3/6
   193 | D:1      | Gained mutation: You are partially covered in iridescent
                  | scales. (AC +2) [potion of mutation]
   193 | D:1      | Gained mutation: You expend magic power (3 MP) to
                  | strengthen your wands. [potion of mutation]
   193 | D:1      | Gained mutation: You have hidden genetic potential. [potion
                  | of mutation]
   193 | D:1      | Gained mutation: You have great hidden genetic potential.
                  | [potion of mutation]
   282 | D:2      | Reached skill level 4 in Earth Magic
   301 | D:2      | Reached XP level 3. HP: 26/26 MP: 6/8
   325 | D:2      | Reached XP level 4. HP: 33/33 MP: 5/10
   328 | D:2      | Learned a level 2 spell: Passwall
   328 | D:2      | Gained mutation: You passively dampen the noise of your
                  | surroundings. [hidden potential]
   332 | D:2      | Learned a level 3 spell: Stone Arrow
  1080 | D:2      | Quit the game

Illustrated notes

Levels and vault maps discovered:
D:1:      spicycebolla_arrival_ecumenical, layout_loops_ring
D:2:      layout_basic

Skill      XL: |  1  2  3 |
---------------+----------+-----
Spellcasting   | 3 |  3.9
Earth Magic    | 4 |  4.6
Transmutations | 2 |  2.2
Dodging        | |  2.4
Stealth        | |  1.4

Action                     |  1- 3 |  4- 6 || total
---------------------------+-------+-------++-------
  Melee: Unarmed           |       |     5 ||     5
   Cast: Sandblast         |    13 |    14 ||    27
         Passwall          |       |     3 ||     3
    Use: Scroll            |     3 |       ||     3
         Potion            |     1 |       ||     1
 Armour: Robe              |       |    16 ||    16
  Dodge: Dodged            |     1 |    35 ||    36
